 Dungeon Crawl Stone Soup version 0.28-a0-1344-g6b9ff3a05d (webtiles) character file.

Game seed: 8019752348845867289

46 Deminshera the Insei (level 3, -3/29 HPs)
             Began as a Demonspawn Monk on Dec 29, 2021.
             Was a Plaything of Xom.
             Slain by a gnoll (5 damage)
             ... on level 2 of the Dungeon.
             The game lasted 00:01:51 (1845 turns).

Deminshera the Insei (Demonspawn Monk)              Turns: 1845, Time: 00:01:52

Health: -3/29      AC:  2    Str: 13    XL:     3   Next: 46%
Magic:  0/3        EV: 12    Int: 11    God:    Xom [..*...]
Gold:   72         SH:  0    Dex: 15    Spells: 2/2 levels left

rFire   . . .      SeeInvis .     - Unarmed
rCold   . . .      Faith    .   (no shield)
rNeg    . . .      Spirit   +   a - +0 robe
rPois   .          Reflect  .   (no helmet)
rElec   .          Harm     .   (no cloak)
rCorr   .          Rampage  .   (no gloves)
Will    .....                   (no boots)
Stlth   ++........              (no amulet)
HPRegen 0.09/turn               (no ring)
MPRegen 0.16/turn               (no ring)

@: no status effects
A: magic shield, magic regeneration
a: Renounce Religion


You were on level 2 of the Dungeon.
You worshipped Xom.
You were a toy of Xom.
You visited 1 branch of the dungeon, and saw 2 of its levels.

You collected 72 gold pieces.

Inventory:

Armour
 a - a +0 robe (worn)
Scrolls
 b - a scroll of identify {unknown}
 f - a scroll of summoning {unknown}
 g - 2 scrolls of teleportation {unknown}
Potions
 c - a potion of heal wounds {unknown}
 d - a potion of mutation {unknown}
 e - a potion of cancellation {unknown}


   Skills:
 + Level 3.3 Fighting
 - Level 2.6 Dodging
 - Level 1.7 Stealth
 * Level 3.9 Unarmed Combat


You had 2 spell levels left.
You didn't know any spells.
Your spell library was empty.

Dungeon Overview and Level Annotations

Branches:
Dungeon (2/15)

Altars:
Xom


Innate Abilities, Weirdness & Mutations

When hurt, damage is shared between your health and your magic reserves.
You regenerate magic rapidly.


Message History

You kill the gnoll!
The gnoll misses you.
You hit the endoplasm.
The endoplasm is moderately wounded.
The endoplasm hits you but does no damage.
The gnoll barely misses you.
You hit the endoplasm but do no damage.
The endoplasm is moderately wounded.
The gnoll hits you from afar with a +0 spear.
The endoplasm barely misses you.
You barely miss the endoplasm.
The endoplasm is moderately wounded.
The gnoll closely misses you.
The gnoll hits you from afar with a +0 spear.
The endoplasm barely misses you.
You hit the endoplasm.
You kill the endoplasm!
The gnoll barely misses you. x2
The gnoll hits you with a +0 spear.
A rat comes into view.
The gnoll hits you with a +0 spear.
You are too injured to fight recklessly!
You are too injured to fight recklessly!
You are too injured to fight recklessly!
You are too injured to fight recklessly!
You are too injured to fight recklessly!
You are too injured to fight recklessly!
You are too injured to fight recklessly!
You are too injured to fight recklessly!
You are too injured to fight recklessly!
You are too injured to fight recklessly!
You are too injured to fight recklessly!
You hit the gnoll but do no damage. The gnoll hits you but does no damage.
The gnoll hits you with a +0 spear!
* * * LOW HITPOINT WARNING * * *
Unknown command.
You hit the gnoll.
The gnoll is heavily wounded.
The gnoll hits you with a +0 spear.
You die...

..## # ...#.#
##.#.#r##
#######..?.....
#..............
#..>...........
#.....).g......
#....=.@g......
#..............
#.(............
#..............
##.............
###.............
##..........###..
##.<..........###.
#........†.....#


You could see 2 gnolls and a rat.

Vanquished Creatures
  A gnoll (D:2)
  An adder skeleton (D:2)
  2 dart slugs (D:1)
  2 ball pythons (D:1)
  3 endoplasms
  A giant cockroach (D:1)
  A goblin (D:1)
  3 hobgoblins (D:1)
  2 quokkas (D:1)
  A bat (D:1)
  A frilled lizard (D:1)
  6 kobolds (D:1)
  5 rats
29 creatures vanquished.

Notes
Turn   | Place    | Note
-------+----------+-------------------------------------------
     0 | D:1      | Deminshera the Demonspawn Monk began the quest for the Orb.
     0 | D:1      | Reached XP level 1. HP: 18/18 MP: 1/1
   575 | D:1      | Gained mutation: You regenerate magic rapidly. [demonic
                  | ancestry]
   575 | D:1      | Reached XP level 2. HP: 20/24 MP: 2/2
  1431 | D:1      | Gained mutation: When hurt, damage is shared between your
                  | health and your magic reserves. [demonic ancestry]
  1431 | D:1      | Reached XP level 3. HP: 26/29 MP: 3/3
  1546 | D:1      | Found a faded altar of an unknown god.
  1559 | D:1      | Prayed at the altar of an unknown god.
  1559 | D:1      | Became a worshipper of Xom of Chaos
  1646 | D:1      | XOM: silly message
  1845 | D:2      | Slain by a gnoll

Illustrated notes

Levels and vault maps discovered:
D:1:      scummos_arrival_simple_fountains, layout_loops_ring,
          chequers_ecumenical_altar_simple, minmay_heptomino_h4
D:2:      layout_rooms, hex_intersection, uniq_sigmund

Skill      XL: |  1 |
---------------+----+-----
Unarmed Combat | 3 |  3.9
Fighting       | |  3.3
Dodging        | |  2.6
Stealth        | |  1.7

Action                   || total
-------------------------++-------
Melee: Unarmed           ||    95
       Punch             ||     1
 Stab: Sleeping          ||     6
Armor: Robe              ||     7
Dodge: Dodged            ||    73

Table legend: (Time is in decaauts)
 A = Elapsed time spent in this place.
 B = Non-inter-level travel time spent in this place.
 C = Inter-level travel time spent in this place.
 D = Time resting spent in this place.
 E = Time spent auto-exploring this place.
 F = Levels seen in this place.
 G = Mean time per level.
                   A        B        C        D        E       F      G
               +--------+--------+--------+--------+--------+-----+--------+
         Total |   1839 |   1791 |     48 |    670 |    785 |   2 |  919.5 |
       Dungeon |   1839 |   1791 |     48 |    670 |    785 |   2 |  919.5 |
               +--------+--------+--------+--------+--------+-----+--------+

Top non-repeatable levels by time:
     D:1: 1799 daAuts
     D:2: 40 daAuts
